 Dungeon Crawl Stone Soup version 0.21-a0-404-g291f19a (webtiles) character file.

6230 karf the Spear-Bearer (level 10, -2/86 HPs)
             Began as a Red Draconian Fighter on Oct 31, 2017.
             Was a Priest of Trog.
             Killed from afar by an electric eel (5 damage)
             ... with a bolt of electricity
             ... on level 8 of the Dungeon.
             The game lasted 00:30:12 (8214 turns).

karf the Spear-Bearer (Red Draconian Fighter)       Turns: 8214, Time: 00:30:13

Health: -2/86      AC:  8    Str: 18    XL:     10   Next: 61%
Magic:  10/10      EV: 13    Int:  9    God:    Trog [***...]
Gold:   272        SH: 10    Dex: 12    Spells: 9/9 levels left

rFire    + + .     SeeInvis .   N - +3 trident (curse)
rCold    + . .     Gourm    .   W - +0 shield {rN+}
rNeg     + + +     Faith    .   (armour unavailable)
rPois    +         Spirit   .   (helmet restricted)
rElec    .         Reflect  .   V - scarf {rC+ rF+}
rCorr    .         Harm     .   q - +0 pair of gloves
MR       .....                  (no boots)
Stlth    ++........             r - amulet of regeneration
HPRegen  0.64/turn              h - ring "Hiegig" {+Inv rPois rN++ Dex-2 Slay+2}
MPRegen  0.12/turn              (no ring)

@: no status effects
A: breathe fire, unfitting armour, fire resistance 1, cold-blooded, AC +7
a: Breathe Fire, Berserk, Trog's Hand, Burn Spellbooks, Renounce Religion, Evoke
Invisibility


You were on level 8 of the Dungeon.
You worshipped Trog.
Trog was most pleased with you.
You were hungry.

You visited 1 branch of the dungeon, and saw 8 of its levels.
You also visited: Ossuary.

You collected 752 gold pieces.
You spent 480 gold pieces at shops.

Inventory:

Hand Weapons
 N - a cursed +3 trident (weapon)
Armour
 q - a +0 pair of gloves (worn)
 V - a scarf of resistance (worn)
 W - a +0 shield of positive energy (worn)
Jewellery
 h - the ring "Hiegig" (left hand) {+Inv rPois rN++ Dex-2 Slay+2}
   (You took it off Duvessa on level 4 of the Dungeon)

   [ring of slaying]

   It affects your dexterity (-2).
   It affects your accuracy and damage with ranged weapons and melee attacks
   (+2).
   It protects you from poison.
   It greatly protects you from negative energy.
   It lets you turn invisible.
 r - an amulet of regeneration (around neck)
Wands
 a - a wand of confusion (21/48)
 e - a wand of flame (9/48)
 n - a wand of disintegration (16/24)
 A - a wand of acid (6/15)
 F - a wand of lightning (6/15)
 G - a wand of flame (22/48)
 J - a wand of paralysis (10/24)
Scrolls
 f - 9 scrolls of remove curse
 g - 5 scrolls of teleportation
 i - 2 scrolls of magic mapping
 j - a scroll of amnesia
 k - 8 scrolls of identify
 o - 2 scrolls of enchant weapon
 v - 2 scrolls of fog {unknown}
 y - 2 scrolls of immolation {unknown}
 C - a scroll of blinking {unknown}
 E - 2 scrolls of enchant armour {unknown}
 H - 2 scrolls of torment {unknown}
 I - a scroll of acquirement {unknown}
 K - 3 scrolls of noise {unknown}
 M - a scroll of recharging
Potions
 c - 5 potions of curing
 l - 2 potions of cancellation
 p - 3 potions of ambrosia
 s - a potion of invisibility
 t - 3 potions of flight
 u - 5 potions of lignification {unknown}
 w - a potion of brilliance {unknown}
 z - a potion of berserk rage {unknown}
 L - 2 potions of mutation {unknown}
 O - a potion of might
 P - a potion of resistance {unknown}
 Q - a potion of haste {unknown}
 T - a potion of heal wounds
 U - 2 potions of agility {unknown}
Comestibles
 d - 3 bread rations
 m - 4 meat rations
 B - 4 fruits
 D - a royal jelly


   Skills:
 + Level 7.0 Fighting
 * Level 12.0 Polearms
 + Level 6.3 Dodging
 + Level 2.9 Stealth
 + Level 6.5 Shields


You had 9 spell levels left.
You didn't know any spells.

Dungeon Overview and Level Annotations

Branches:
Dungeon (8/15)             Temple (0/1) D:7            Lair (0/6) D:8

Altars:
Trog
Uskayaw
Vehumet
Wu Jian
The Shining One

Shops:
D:8 [


Innate Abilities, Weirdness & Mutations

You can breathe blasts of fire.
Your fiery red scales are hard. (AC +7)
You cannot fit into any form of body armour.
Your flesh is heat resistant. (rF+)
You are cold-blooded and may be slowed by cold attacks.


Message History

You reach to attack!
You barely miss the electric eel.
The electric eel is severely wounded.
The electric eel shoots out a bolt of lightning at you!
The bolt of electricity misses you.
Attack whom?
Press: ? - help, Dir - move target cursor, f/p - electric eel
Aim: an electric eel (water, severely wounded)
You reach to attack!
You barely miss the electric eel.
The electric eel is severely wounded.
The electric eel shoots out a bolt of lightning at you!
The bolt of electricity hits you!
* * * LOW HITPOINT WARNING * * *
Attack whom?
Press: ? - help, Dir - move target cursor, f/p - electric eel
Aim: an electric eel (water, severely wounded)
You reach to attack!
You barely miss the electric eel.
The electric eel is severely wounded.
The electric eel shoots out a bolt of lightning at you!
The bolt of electricity hits you!
You die...

#.##.# *#≈≈≈≈.(≈≈≈≈#* #.# #.#
#.##.# ##≈≈≈≈≈..≈≈≈≈≈#*#.# #.#
#.##.######≈≈≈≈≈≈..≈≈≈≈≈≈##.###.#
...#.#..##≈≈≈≈≈≈≈..≈≈≈≈≈≈≈##.....
.......##≈≈≈≈≈≈≈≈..≈≈≈≈≈≈≈≈####.#
...#.####≈≈≈≈≈≈≈≈..≈;≈≈≈≈≈≈* #.#
.....####≈≈≈≈≈≈;#..#≈≈≈;≈≈≈#**#.#
..#####.'........##.......,+.##.#
..# #.'.......@##.......,+.....
.†#####.#≈≈≈≈≈≈≈#..#≈≈≈≈≈≈≈####..
#.......#≈≈≈≈≈≈≈≈..≈≈≈≈≈≈≈≈* #..
........#≈≈≈≈≈≈≈≈..≈≈≈≈≈≈≈≈* ##†
..#.######≈≈≈≈≈≈≈..≈≈≈≈≈≈≈** #.
..#..[∩..##≈≈≈≈≈≈..≈≈≈≈≈≈#* #.
...#####.###≈≈≈≈≈..≈≈≈≈≈## #)
.......#.####≈≈≈≈..≈≈≈≈## #.
...##..#<##.##≈≈≈..≈≈≈## #.


You could see an electric eel.

Vanquished Creatures
  Pikel (D:5)
  A slime creature (D:8)
  A hippogriff (D:7)
  Sigmund (D:2)
  A wyvern (D:5)
  A hungry ghost (D:7)
  Menkaure (D:7)
  The ghost of anet the Magician, an amateur DEWz of Ashenzari (Ossuary)
  Duvessa (D:4)
  2 orc warriors
  A necrophage (D:7)
  A hornet zombie (D:5)
  2 sky beasts
  A slave (D:5)
  3 ogres
  2 phantoms
  5 centaurs
  10 big kobolds (D:5)
  Blork the orc (D:5)
  2 bullfrogs (D:7)
  A wyvern zombie (D:8)
  Dowan (D:4)
  4 scorpions
  10 wights
  2 electric eels (D:8)
  A howler monkey (D:4)
  A crimson imp (D:5)
  2 centaur zombies (D:5)
  A quasit (D:8)
  3 hounds
  A jelly (D:6)
  9 orc priests
  2 bullfrog skeletons (D:5)
  8 orc wizards
  Natasha (thrice) (D:4 D:5)
  6 worker ants
  A killer bee zombie (D:8)
  A big kobold zombie (Ossuary)
  8 mummies (Ossuary)
  A worker ant zombie (D:5)
  13 gnolls
  7 adders
  3 shadow imps
  2 oozes
  2 adder skeletons
  An adder zombie (D:5)
  2 dart slugs (D:2)
  2 worms (D:4)
  7 leopard geckos
  26 orcs
  6 giant cockroaches
  2 goblins (D:3)
  15 hobgoblins
  9 jackals
  44 kobolds
  2 quokkas
  3 ball pythons
  3 bats (D:2)
  6 frilled lizards
  2 gnoll zombies (Ossuary)
  3 hobgoblin zombies (Ossuary)
  A leopard gecko skeleton (D:7)
  2 orc zombies (Ossuary)
  A quokka zombie (D:7)
  5 rats (D:2)
274 creatures vanquished.

Notes
Turn   | Place    | Note
-------+----------+-------------------------------------------
     0 | D:1      | karf the Draconian Fighter began the quest for the Orb.
     0 | D:1      | Reached XP level 1. HP: 19/19 MP: 1/1
   145 | D:1      | Reached XP level 2. HP: 26/26 MP: 2/2
   810 | D:2      | Reached XP level 3. HP: 27/31 MP: 3/3
  1043 | D:2      | Found a hide-covered altar of Uskayaw.
  1043 | D:2      | Found a glowing golden altar of the Shining One.
  1083 | D:2      | Reached skill level 3 in Polearms
  1104 | D:2      | Noticed Sigmund
  1113 | D:2      | Killed Sigmund
  1113 | D:2      | Reached skill level 4 in Polearms
  1113 | D:2      | Reached XP level 4. HP: 12/40 MP: 4/4
  1113 | D:2      | Reached XP level 5. HP: 14/46 MP: 5/5
  2554 | D:4      | Noticed Natasha
  2565 | D:4      | Killed Natasha
  2572 | D:4      | Reached skill level 5 in Polearms
  2572 | D:4      | Reached XP level 6. HP: 34/52 MP: 6/6
  2631 | D:4      | Reached skill level 1 in Stealth
  2701 | D:4      | Noticed Duvessa
  2727 | D:4      | Killed Duvessa
  2729 | D:4      | Got a twitching silver ring
  2747 | D:4      | Found a radiant altar of Vehumet.
  2756 | D:4      | Noticed Dowan
  2790 | D:4      | Killed Dowan
  2836 | D:4      | Noticed Natasha
  2844 | D:4      | Killed Natasha
  2844 | D:4      | Reached skill level 6 in Polearms
  2849 | D:4      | Noticed Natasha
  2903 | D:4      | Your scales start taking on a fiery red colour.
  2903 | D:4      | Reached XP level 7. HP: 25/59 MP: 7/7
  2903 | D:4      | Gained mutation: Your flesh is heat resistant. (rF+) [Red Draconian growth]
  3358 | D:5      | Entered Level 5 of the Dungeon
  3523 | D:4      | Reached skill level 7 in Polearms
  3683 | D:5      | Killed Natasha
  3683 | D:5      | Reached XP level 8. HP: 52/67 MP: 8/8
  3732 | D:5      | Reached skill level 5 in Fighting
  3752 | D:5      | Noticed Blork the orc
  3762 | D:5      | Killed Blork the orc
  3999 | D:5      | Reached skill level 8 in Polearms
  4220 | D:5      | Reached skill level 9 in Polearms
  4220 | D:5      | Reached skill level 5 in Shields
  4264 | D:5      | Reached XP level 9. HP: 74/74 MP: 9/9
  4362 | D:5      | Noticed Pikel
  4406 | D:5      | Killed Pikel
  4406 | D:5      | Reached skill level 5 in Dodging
  4487 | D:5      | Reached skill level 10 in Polearms
  5158 | D:6      | Found a bloodstained altar of Trog.
  5260 | D:6      | Became a worshipper of Trog the Wrathful
  6250 | D:7      | Reached * piety under Trog
  6284 | D:7      | Reached XP level 10. HP: 33/84 MP: 10/10
  6298 | D:7      | Reached skill level 11 in Polearms
  6583 | D:7      | Noticed Menkaure
  6596 | D:7      | Killed Menkaure
  6711 | D:7      | Found a staircase to the Ecumenical Temple.
  7075 | D:7      | Found an ornate altar of the Wu Jian Council.
  7101 | D:7      | Reached ** piety under Trog
  7344 | D:8      | Found a staircase to the Lair.
  7519 | D:8      | HP: 1/84 [electric eel/bolt of electricity (13)]
  7631 | D:8      | Found a sand-covered staircase.
  7647 | Ossuary  | Entered an ossuary
  7662 | Ossuary  | Noticed anet's ghost (amateur DEWz)
  7685 | Ossuary  | Killed anet's ghost
  7994 | D:8      | Found Hitib's Antique Armour Boutique.
  8000 | D:8      | Bought an embroidered scarf for 248 gold pieces
  8000 | D:8      | Bought a glowing shield for 232 gold pieces
  8025 | D:8      | Identified the ring "Hiegig" {+Inv rPois rN++ Dex-2 Slay+2} (You took it off Duvessa on level 4 of the Dungeon)
  8120 | D:8      | Reached *** piety under Trog
  8120 | D:8      | Reached skill level 12 in Polearms
  8213 | D:8      | HP: 3/86 [electric eel/bolt of electricity (6)]
  8214 | D:8      | Killed from afar by an electric eel

Vault maps used:
D:1:      minmay_arrival_stair_chambers
D:2:      chequers_temple_overflow_statue_of_worship, uniq_sigmund
D:3:      first_bread
D:4:      vehumet_altar_wand_db, uniq_natasha, uniq_duvessa
D:5:      minmay_goblin_kobold_castle, minivault_5, uniq_pikel,
          uniq_blork_the_orc
D:6:      overflow_temple_1_default
D:7:      old_standard_altar, minmay_temple_entry_overgrown, uniq_menkaure
D:8:      kennysheep_big_flooded_room, kennysheep_mini_moat, lair_entry_dummy,
          serial_shops, shop, nicolae_ossuary_entry_monument
Ossuary:  ossuary_tomb_3

Skill      XL: |  1  2  3  4  5  6  7  8  9 10 |
---------------+-------------------------------+-----
Dodging        | 3 4 5 6 |  6.3
Polearms       | 4 5 6 7 9 10 12 | 12.0
Fighting       | 4 5 6 7 |  7.0
Stealth        | 1 2 |  2.9
Shields        | 4 5 6 |  6.5

Action                   |  1- 3 |  4- 6 |  7- 9 | 10-12 || total
-------------------------+-------+-------+-------+-------++-------
Melee: Trident           |   106 |   139 |    76 |   116 ||   437
       Tailslap          |     6 |    17 |    76 |    49 ||   148
       Spear             |       |       |   536 |   202 ||   738
Invok: Berserk           |       |       |       |     1 ||     1
       Trog's Hand       |       |       |       |     1 ||     1
 Abil: Breathe Fire      |       |       |     9 |     2 ||    11
  Use: Potion            |     1 |     3 |       |     1 ||     5
       Scroll            |       |    14 |       |     1 ||    15
 Stab: Sleeping          |     2 |     2 |     3 |       ||     7
  Eat: Chunk             |       |     7 |    12 |     8 ||    27
       Royal jelly       |       |       |       |     1 ||     1
Armor: Skin              |    20 |    27 |    95 |    30 ||   172
Dodge: Dodged            |    25 |    47 |   178 |    85 ||   335
Block: Shield            |    33 |    50 |   175 |    90 ||   348

Table legend:
 A = Spawn XP
 B = Non-spawn XP
 C = Spawn XP percentage of total XP
 D = Spawn monster count
 E = Non-spawn monster count
 F = Spawn count percentage of total count
 G = Total turns spent on level
                    A         B        C        D         E        F      G
               +---------+---------+-------+---------+---------+-------+---------
         Total |       0 |    8901 |   0.0 |       0 |     273 |   0.0 |  8214
               +---------+---------+-------+---------+---------+-------+---------
           D:1 |       0 |      29 |   0.0 |       0 |      15 |   0.0 |   733
           D:2 |       0 |     271 |   0.0 |       0 |      27 |   0.0 |   953
           D:3 |       0 |      16 |   0.0 |       0 |       8 |   0.0 |   777
           D:4 |       0 |     931 |   0.0 |       0 |      34 |   0.0 |  1051
           D:5 |       0 |    2920 |   0.0 |       0 |      84 |   0.0 |  1577
           D:6 |       0 |     978 |   0.0 |       0 |      21 |   0.0 |  1067
           D:7 |       0 |    1997 |   0.0 |       0 |      39 |   0.0 |  1072
           D:8 |       0 |    1439 |   0.0 |       0 |      28 |   0.0 |   787
       Ossuary |       0 |     320 |   0.0 |       0 |      17 |   0.0 |   197
               +---------+---------+-------+---------+---------+-------+---------
